[Event "Titled Tuesday Blitz August 17 2021"]
[White "Manukyan, Sargis A."]
[Black "Wagh Suyog"]
[WhiteFideId "13303970"]
[BlackFideId "25071688"]
[WhiteElo "2187"]
[BlackElo "2219"]
[Result "0-1"]
[Round "04"]
[TimeControl "180+1"]
[Date "2021.08.17"]
[WhiteClock "0:01:05"]
[BlackClock "0:00:28"]

1. d4 g6 2. c4 Bg7 3. Nc3 d6 4. Nf3 Nc6 5. h3 Nf6 6. Bf4 O-O 7. e3 Nd7 8. Be2 e5 9. dxe5 dxe5 10. Bh2 Re8 11. O-O e4 12. Nd2 Nc5 13. a3 a5 14. Qc2 f5 15. Nd5 Ne5 16. b4 Ncd3 17. Rab1 c6 18. Nc3 axb4 19. axb4 Be6 20. Bxe5 Bxe5 21. Rfd1 Qf6 22. Ndxe4 fxe4 23. Nxe4 Qe7 24. Bxd3 Ra3 25. c5 Ra2 26. Qc1 Kh8 27. Bc4 Bxc4 28. Qxc4 Rea8 29. Nd6 Kg7 30. Qg4 Rf8 31. Nc4 Rfxf2 32. Rd7 Rxg2+ 33. Kf1 Raf2+ 34. Ke1 Bc3+ 35. Nd2 Bxd2+ 36. Kd1 Rxg4 37. Rxe7+ Kf8 38. Rxb7 Rg1+ 39. Kc2 Bxb4+ 40. Kd3 Rxb1 41. Ke4 Rf5 42. Rxh7 Bxc5 43. h4 Rb3 44. Rh8+ Kg7 45. h5 Rxe3# 0-1


[Site "https://www.chess.com"]

[Event "Titled Tuesday Blitz August 17 2021"]
[White "Martins, Vinicius Tine"]
[Black "Kvon, Andrey"]
[WhiteFideId "2112884"]
[BlackFideId "14201356"]
[WhiteElo "2373"]
[BlackElo "2458"]
[Result "1-0"]
[Round "04"]
[TimeControl "180+1"]
[Date "2021.08.17"]
[WhiteClock "0:00:14"]
[BlackClock "0:00:07"]

1. d4 f5 2. g3 Nf6 3. Bg2 e6 4. c4 d5 5. Nf3 Bb4+ 6. Nbd2 c6 7. O-O b6 8. cxd5 exd5 9. Ne5 Bd6 10. Qc2 Qc7 11. Ndf3 O-O 12. Bf4 Ne4 13. Rac1 Bb7 14. Nd3 Nd7 15. Qb3 Bxf4 16. Nxf4 Qd6 17. Rc2 Kh8 18. h4 Rae8 19. Rfc1 a5 20. e3 b5 21. a4 b4 22. Nd3 Rc8 23. Nde5 Nef6 24. Qd3 g6 25. Nxd7 Nxd7 26. Nd2 Qb8 27. Nb3 Qa8 28. Nc5 Nf6 29. Qe2 Rc7 30. Ne6 Rff7 31. Nxc7 Rxc7 32. Qf3 Kg7 33. Qf4 Rd7 34. Qe5 Kf7 35. Bf3 Qd8 36. h5 Re7 37. hxg6+ hxg6 38. Qf4 Re8 39. Rxc6 Bxc6 40. Rxc6 Re7 41. Qd6 Rd7 42. Qc5 Kg7 43. Rc8 Qe7 44. Qxe7+ Rxe7 45. Rc5 Ra7 46. Bxd5 Kf8 47. Bf3 Ke7 48. Kg2 Kd6 49. Kf1 Ke7 50. Ke2 Kd6 51. Kd3 Ra6 52. Kc4 Nd7 53. Rd5+ Kc7 54. Kb5 Ra7 55. Bg2 Nf6 56. Rc5+ Kb8 57. Rc6 Ne8 58. Rxg6 Nc7+ 59. Kc4 Ra6 60. Rg8+ Ka7 61. Rg7 1-0


[Site "https://www.chess.com"]

[Event "Titled Tuesday Blitz August 17 2021"]
[White "Matinian, Nikita"]
[Black "Kovalev, Vladislav"]
[WhiteFideId "24129100"]
[BlackFideId "13504398"]
[WhiteElo "2410"]
[BlackElo "2573"]
[Result "1-0"]
[Round "04"]
[TimeControl "180+1"]
[Date "2021.08.17"]
[WhiteClock "0:00:09"]
[BlackClock "0:00:03"]

1. e4 e5 2. Nf3 Nc6 3. Bb5 a6 4. Ba4 d6 5. c4 Bd7 6. Nc3 g6 7. d4 exd4 8. Nxd4 Bg7 9. Be3 Nge7 10. h4 h6 11. h5 g5 12. Nd5 O-O 13. Bb3 Re8 14. f3 Nxd5 15. cxd5 Nxd4 16. Bxd4 f5 17. Bxg7 Kxg7 18. Rc1 fxe4 19. Qd4+ Qf6 20. Qxf6+ Kxf6 21. Rxc7 exf3+ 22. Kf2 Re2+ 23. Kxf3 Rae8 24. Kg3 R8e3+ 25. Kh2 Rh3+ 26. Kg1 Re1+ 27. Kf2 Rhxh1 28. Rxd7 Rhf1+ 29. Kg3 Re3+ 30. Kh2 g4 31. Rxd6+ Kg5 32. Rg6+ Kh4 33. g3+ Rxg3 34. d6 Rgf3 35. Bd5 R1f2+ 36. Kg1 Rf1+ 37. Kh2 1-0


[Site "https://www.chess.com"]

[Event "Titled Tuesday Blitz August 17 2021"]
[White "Matthiesen, Martin"]
[Black "Ismayil, Malak"]
[WhiteFideId "1404067"]
[BlackFideId "13412604"]
[WhiteElo "2337"]
[BlackElo "1879"]
[Result "1-0"]
[Round "04"]
[TimeControl "180+1"]
[Date "2021.08.18"]
[WhiteClock "0:00:12"]
[BlackClock "0:00:02"]

1. d4 Nf6 2. c4 e6 3. Nf3 Bb4+ 4. Bd2 Qe7 5. e3 O-O 6. Bd3 b6 7. O-O Bxd2 8. Qxd2 Bb7 9. Nc3 d6 10. e4 e5 11. d5 Nbd7 12. b4 Nh5 13. g3 g6 14. Rfe1 f5 15. Ng5 f4 16. Ne6 Rf6 17. Nb5 Rxe6 18. dxe6 Nf8 19. c5 a6 20. cxd6 cxd6 21. Nc3 Nxe6 22. Bc4 Kg7 23. Bxe6 Qxe6 24. Rad1 Rd8 25. Nd5 Qh3 26. Qe2 Rf8 27. Qf1 Qe6 28. Qg2 f3 29. Qf1 b5 30. Re3 Bc8 31. Rc3 Qg4 32. Rc7+ Kh6 33. Qd3 Qh3 34. Qf1 Qg4 35. Re1 Be6 36. Rc6 Qg5 37. Rxd6 Bg4 38. Rxa6 Nf6 39. Nxf6 Rxf6 40. Rxf6 Qxf6 41. Qd3 Be6 42. Qe3+ Kg7 43. h4 Bc4 44. Qg5 Qe6 45. Kh2 Be2 46. Rc1 Qxa2 47. Rc7+ Kh8 48. Qf6+ 1-0


[Site "https://www.chess.com"]

[Event "Titled Tuesday Blitz August 17 2021"]
[White "Maze, Sebastien"]
[Black "Bychkov, Vladimir"]
[WhiteFideId "613762"]
[BlackFideId "24151513"]
[WhiteElo "2462"]
[BlackElo "2308"]
[Result "1-0"]
[Round "04"]
[TimeControl "180+1"]
[Date "2021.08.17"]
[WhiteClock "0:00:20"]
[BlackClock "0:00:17"]

1. e4 c6 2. Nf3 d5 3. Nc3 dxe4 4. Nxe4 Nf6 5. Qe2 Nxe4 6. Qxe4 Qd5 7. Qe3 Qe6 8. b3 f6 9. Bb2 g6 10. O-O-O Qxe3 11. fxe3 a5 12. a4 Na6 13. e4 e5 14. d4 exd4 15. Bxd4 Bg7 16. Bc4 Bg4 17. Bc3 Nb4 18. Kb2 Rd8 19. h3 Bxf3 20. gxf3 Ke7 21. h4 Rxd1 22. Rxd1 Rd8 23. Rh1 Kf8 24. h5 f5 25. e5 f4 26. hxg6 hxg6 27. Rg1 Nd5 28. Bxd5 Rxd5 29. Rxg6 Kf7 30. Rg4 Bxe5 31. Bxe5 Rxe5 32. Rxf4+ Ke6 33. Rf8 Rh5 34. Rb8 Rh7 35. Kc3 Kd5 36. Kd3 Rf7 37. Ke3 Re7+ 38. Kd3 Rf7 39. Rd8+ Kc5 40. Ke3 Re7+ 41. Kf2 Rf7 42. Rd3 b5 43. Rc3+ Kb4 44. Rxc6 bxa4 45. Rc4+ Kb5 46. Rxa4 Rc7 47. c4+ Kb6 48. f4 Rd7 49. Ke3 Re7+ 50. Kf3 Re1 51. b4 axb4 52. Rxb4+ Kc5 53. Rb8 Kxc4 54. Rd8 Kc5 55. f5 Kc6 56. Kf4 Kc7 57. Rd2 Rf1+ 58. Ke5 Re1+ 59. Kf6 Rf1 60. Ke6 Re1+ 61. Kf7 Rf1 62. f6 Kc8 63. Ke7 Re1+ 64. Kf8 Rf1 65. f7 Rg1 66. Rd5 1-0


[Site "https://www.chess.com"]

[Event "Titled Tuesday Blitz August 17 2021"]
[White "Melikhov, Evgeny V."]
[Black "sganerdene"]
[WhiteFideId "4122046"]
[WhiteElo "1957"]
[BlackElo "2642"]
[Result "0-1"]
[Round "04"]
[TimeControl "180+1"]
[Date "2021.08.17"]
[WhiteClock "0:00:10"]
[BlackClock "0:00:19"]

1. d4 Nf6 2. c4 g6 3. Nc3 Bg7 4. e4 O-O 5. Be3 d6 6. f3 c5 7. Nge2 Nc6 8. d5 Ne5 9. Ng3 h5 10. Be2 h4 11. Nf1 h3 12. g3 e6 13. Bg5 Qb6 14. Qb3 Qa5 15. Ne3 Re8 16. O-O Nh7 17. Bf4 g5 18. Qb5 Qd8 19. Bxe5 Bxe5 20. Kh1 Bd7 21. Qb3 Rb8 22. f4 Bd4 23. Ng4 exd5 24. cxd5 b5 25. e5 dxe5 26. f5 e4 27. d6 c4 28. Bxc4 bxc4 29. Qxc4 Bg7 30. Nd5 Bb5 31. Qc7 Bxf1 32. Ne7+ Rxe7 33. Qxe7 Qxe7 34. dxe7 Be2 35. Ne3 Bf3+ 36. Kg1 Bd4 37. Re1 Nf6 38. b3 Ng4 39. f6 Bxe3+ 40. Rxe3 Nxe3 41. Kf2 Ng4+ 0-1


[Site "https://www.chess.com"]

[Event "Titled Tuesday Blitz August 17 2021"]
[White "Mirzanurov, Bulat"]
[Black "Osmonbekov, Talaibek"]
[WhiteFideId "4184521"]
[BlackFideId "2017253"]
[WhiteElo "2208"]
[BlackElo "2135"]
[Result "1-0"]
[Round "04"]
[TimeControl "180+1"]
[Date "2021.08.18"]
[WhiteClock "0:00:11"]
[BlackClock "0:00:02"]

1. e4 c5 2. Nf3 d6 3. d4 cxd4 4. Nxd4 Nf6 5. Nc3 g6 6. Be3 Bg7 7. f3 O-O 8. Qd2 Nc6 9. O-O-O d5 10. exd5 Nxd5 11. Nxc6 bxc6 12. Bd4 e5 13. Bc5 Be6 14. Ne4 h6 15. h4 Re8 16. g4 Nf4 17. Qe1 Qc8 18. Nd6 Qc7 19. Nxe8 Rxe8 20. h5 g5 21. Bd3 Bd5 22. Be4 Qb7 23. Qb4 Qa6 24. a3 Bf6 25. Be3 Ne2+ 26. Kb1 Nd4 27. Bxd4 exd4 28. Bxd5 cxd5 29. Rhe1 Rc8 30. Rxd4 Bxd4 31. Qxd4 Qc6 32. c3 a6 33. Re7 Qd6 34. Re5 Rd8 35. Rf5 Rb8 36. Ka2 Qb6 37. Qxb6 Rxb6 38. Rxd5 Rf6 39. Rd3 Rf4 40. b4 f5 41. gxf5 Rxf5 42. c4 Kf7 43. c5 Ke7 44. Kb3 Rf4 45. a4 g4 46. fxg4 Rxg4 47. Rd5 Rg3+ 48. Kc4 Rg4+ 49. Rd4 Rg5 50. c6 1-0


[Site "https://www.chess.com"]

[Event "Titled Tuesday Blitz August 17 2021"]
[White "Nakamura, Hikaru"]
[Black "Bacrot, Etienne"]
[WhiteFideId "2016192"]
[BlackFideId "605506"]
[WhiteElo "2900"]
[BlackElo "2673"]
[Result "1-0"]
[Round "04"]
[TimeControl "180+1"]
[Date "2021.08.17"]
[WhiteClock "0:01:07"]
[BlackClock "0:00:18"]

1. Nf3 d5 2. e3 Nf6 3. c4 e6 4. b3 b6 5. Bb2 Bb7 6. cxd5 exd5 7. d4 Nbd7 8. Nc3 a6 9. Ne5 Bd6 10. f4 O-O 11. Bd3 c5 12. O-O b5 13. Bf5 c4 14. Ne2 g6 15. Bh3 Re8 16. Rc1 Nb6 17. Ng3 b4 18. Rc2 c3 19. Bc1 Ne4 20. Nxe4 dxe4 21. Rcf2 f6 22. Nc4 Bd5 23. Nxd6 Qxd6 24. f5 g5 25. Bg4 a5 26. h4 h6 27. Bh5 Kg7 28. Bxe8 Rxe8 29. Rc2 Qg3 30. Bd2 cxd2 31. Qxd2 Bf7 32. Qf2 Qg4 33. Rfc1 Nd5 34. Rc6 gxh4 35. Kh2 Rg8 36. Ra6 Kh7 37. Rxa5 Qg3+ 38. Qxg3 hxg3+ 39. Kg1 Nxe3 40. Re1 Rc8 41. Rc5 Rxc5 42. dxc5 Nxf5 43. Rxe4 Bd5 44. Rxb4 Kg6 45. a4 Kf7 46. a5 Ne3 47. a6 Nxg2 48. Rg4 Ne1 49. Rxg3 Nf3+ 50. Kf2 Ne5 51. b4 Ke6 52. b5 1-0


[Site "https://www.chess.com"]

[Event "Titled Tuesday Blitz August 17 2021"]
[White "Navalgund, Niranjan"]
[Black "Woodward, Andy"]
[WhiteFideId "5030854"]
[BlackFideId "30953499"]
[WhiteElo "2290"]
[BlackElo "2137"]
[Result "1-0"]
[Round "04"]
[TimeControl "180+1"]
[Date "2021.08.17"]
[WhiteClock "0:00:13"]
[BlackClock "0:00:01"]

1. Nf3 Nf6 2. g3 d5 3. Bg2 c6 4. O-O Bg4 5. d3 Nbd7 6. h3 Bh5 7. Nbd2 e6 8. Qe1 Bc5 9. e4 dxe4 10. Nxe4 Nxe4 11. dxe4 O-O 12. Bd2 Qb6 13. Bc3 Bxf3 14. Bxf3 Bd4 15. Bxd4 Qxd4 16. Rd1 Ne5 17. Rxd4 Nxf3+ 18. Kg2 Nxd4 19. e5 Rfd8 20. Qc3 Nb5 21. Qe3 h6 22. a4 Nd4 23. c3 Nf5 24. Qe2 Rd5 25. Rd1 Rad8 26. Rxd5 Rxd5 27. b4 a5 28. b5 g6 29. bxc6 bxc6 30. Qc4 Ne7 31. Qb3 Kg7 32. Qb7 Kf8 33. c4 Rd2 34. Qa8+ Kg7 35. Qxa5 Rc2 36. Qc7 Nf5 37. Qxc6 Ne3+ 38. Kf3 Nxc4 39. Qb5 Rc3+ 40. Ke2 Na3 41. Qb8 Rc2+ 42. Kf3 Nc4 43. a5 Nxa5 44. Qd8 Nc6 45. Qf6+ Kg8 46. Ke3 Rc3+ 47. Kd2 Ra3 48. f4 Rxg3 49. Qh4 Rg2+ 50. Ke3 g5 51. Qxh6 gxf4+ 52. Kxf4 Rg6 53. Qh4 Kg7 54. Ke4 Rh6 55. Qg5+ Rg6 56. Qf4 Ne7 57. h4 Nf5 58. h5 Rh6 59. Qg5+ Kh7 60. Kf4 Kh8 61. Qd8+ Kg7 62. Kg4 Rh8 63. Qg5+ Kf8 64. Qf6 Rg8+ 65. Kf4 Rg7 66. h6 Rg6 67. Qd8# 1-0


[Site "https://www.chess.com"]

[Event "Titled Tuesday Blitz August 17 2021"]
[White "Nazaretyan, Tigran"]
[Black "Torkkola, Henri"]
[WhiteFideId "24162345"]
[BlackFideId "507660"]
[WhiteElo "2167"]
[BlackElo "2137"]
[Result "1-0"]
[Round "04"]
[TimeControl "180+1"]
[Date "2021.08.18"]
[WhiteClock "0:00:37"]
[BlackClock "0:00:05"]

1. d4 Nf6 2. c4 e6 3. Nf3 b6 4. a3 Bb7 5. Nc3 d5 6. cxd5 Nxd5 7. e3 Be7 8. Bb5+ c6 9. Bd3 c5 10. Bb5+ Nd7 11. Ne5 Nf6 12. dxc5 Bxc5 13. Qa4 a6 14. Bc6 Bxc6 15. Qxc6 O-O 16. Nxd7 Qxd7 17. Qxd7 Nxd7 18. b4 Be7 19. Bb2 Bf6 20. Ke2 Rac8 21. Rac1 b5 22. Ba1 Nb6 23. Ne4 Bxa1 24. Rxc8 Rxc8 25. Rxa1 Na4 26. Kd2 f5 27. Ng5 Rc6 28. Rc1 Rxc1 29. Kxc1 e5 30. Nf3 e4 31. Nd4 g6 32. Ne6 Nb6 33. Nc5 Nc4 34. Nxa6 Nxa3 35. Nc7 Kf7 36. Kb2 Nc4+ 37. Kc3 Nd6 38. Kd4 Ke7 39. Kc5 g5 40. Nxb5 Nf7 41. Nd4 f4 42. b5 Ne5 43. Kd5 Nd3 44. b6 Kd7 45. Kxe4 Nxf2+ 46. Kf3 fxe3 47. Kxe3 Ng4+ 48. Ke4 Nxh2 49. Kd5 g4 50. Nb3 g3 51. Nc5+ Kc8 52. Kc6 Ng4 53. b7+ Kb8 54. Nd7+ 1-0


[Site "https://www.chess.com"]

[Event "Titled Tuesday Blitz August 17 2021"]
[White "Nemeth Junior, Henrique"]
[Black "Ovetchkin, Roman"]
[WhiteFideId "2118815"]
[BlackFideId "4119991"]
[WhiteElo "1976"]
[BlackElo "2432"]
[Result "0-1"]
[Round "04"]
[TimeControl "180+1"]
[Date "2021.08.18"]
[WhiteClock "0:00:35"]
[BlackClock "0:00:18"]

1. e4 c6 2. d4 d5 3. exd5 cxd5 4. Bd3 Nc6 5. c3 Nf6 6. Ne2 Bg4 7. O-O e6 8. Qe1 Bd6 9. Bg5 Bh5 10. Nf4 Bxf4 11. Bxf4 Bg6 12. Qe2 Bxd3 13. Qxd3 O-O 14. Nd2 h6 15. Rfe1 Re8 16. Nf3 Ne4 17. Ne5 Nxe5 18. Bxe5 Qb6 19. f3 Nd6 20. Bxd6 Qxd6 21. Re2 Rab8 22. Rae1 b5 23. b3 Rec8 24. Re3 Rc6 25. b4 a6 26. g3 Rbc8 27. f4 Rxc3 28. Qxc3 Rxc3 29. Rxc3 Qxb4 30. Rc8+ Kh7 31. Rec1 Qxd4+ 32. Kh1 Qe4+ 33. Kg1 Kg6 34. R8c6 a5 35. R1c5 Qe2 36. h3 h5 37. Rc2 Qe3+ 38. Kg2 b4 39. Rf2 Kf5 40. Rc7 Qe4+ 41. Kh2 Kf6 42. g4 hxg4 43. hxg4 g6 44. Rc6 d4 45. Rd6 Qe3 46. Kg2 d3 47. f5 gxf5 48. gxf5 Ke7 49. fxe6 fxe6 0-1


[Site "https://www.chess.com"]

[Event "Titled Tuesday Blitz August 17 2021"]
[White "Nogerbek, Kazybek"]
[Black "Pastar, Slaven"]
[WhiteFideId "13710427"]
[BlackFideId "14402718"]
[WhiteElo "2436"]
[BlackElo "2150"]
[Result "1-0"]
[Round "04"]
[TimeControl "180+1"]
[Date "2021.08.17"]
[WhiteClock "0:01:43"]
[BlackClock "0:00:24"]

1. d4 b6 2. c4 Bb7 3. Nc3 g6 4. e4 Bg7 5. Be3 e6 6. Qd2 d6 7. f4 Nd7 8. Nf3 Ngf6 9. Bd3 Qe7 10. O-O Ng4 11. Kh1 Nxe3 12. Qxe3 c5 13. Rad1 a6 14. Bc2 cxd4 15. Nxd4 e5 16. fxe5 dxe5 17. Nf3 Rc8 18. Ba4 Bc6 19. Nd5 Qc5 20. Bxc6 Rxc6 21. Qg5 f6 22. Qg4 Rd6 23. b4 Qxc4 24. Rc1 Qd3 25. Rc8+ Kf7 26. Ng5# 1-0


[Site "https://www.chess.com"]

[Event "Titled Tuesday Blitz August 17 2021"]
[White "Obolentseva, Alexandra"]
[Black "Machidon, Cristi"]
[WhiteFideId "24153648"]
[BlackFideId "13904590"]
[WhiteElo "2113"]
[BlackElo "2312"]
[Result "1-0"]
[Round "04"]
[TimeControl "180+1"]
[Date "2021.08.18"]
[WhiteClock "0:00:04"]
[BlackClock "0:00:03"]

1. d4 Nf6 2. c4 e6 3. Nc3 Bb4 4. Qc2 O-O 5. Nf3 d5 6. Bf4 dxc4 7. e3 b5 8. g3 Bb7 9. Bg2 Be4 10. Qc1 Bd3 11. Ne5 Nd5 12. Nxd3 cxd3 13. O-O g5 14. Nxd5 exd5 15. Bxc7 Qd7 16. Bxb8 Raxb8 17. Qd1 Qf5 18. a3 Be7 19. Qf3 Qxf3 20. Bxf3 Rfc8 21. Rfd1 Rc2 22. Rxd3 Rxb2 23. Bxd5 Rc8 24. Bb3 Kg7 25. e4 Rd8 26. Bd5 a5 27. Rc1 Rd7 28. Bc6 Rc7 29. d5 Bd6 30. Re3 f6 31. Rec3 g4 32. f3 h5 33. fxg4 hxg4 34. Rf1 a4 35. Rd3 Bc5+ 36. Kh1 Bd6 37. Re3 Kg6 38. Be8+ Kg7 39. Bc6 Rc8 40. h4 gxh3 41. Ref3 Be5 42. g4 Kg6 43. Rxh3 Kg5 44. Rh7 Rb3 45. Bd7 Rc2 46. Be8 Rbb2 47. Rf5+ Kxg4 48. Rg7+ Kh4 49. Rh5# 1-0


[Site "https://www.chess.com"]

[Event "Titled Tuesday Blitz August 17 2021"]
[White "Obregon, Andres Carlos"]
[Black "Zarubitski, Viachaslau"]
[WhiteFideId "111724"]
[BlackFideId "13509373"]
[WhiteElo "2572"]
[BlackElo "2315"]
[Result "1/2-1/2"]
[Round "04"]
[TimeControl "180+1"]
[Date "2021.08.17"]
[WhiteClock "0:00:21"]
[BlackClock "0:00:02"]

1. d4 d5 2. Nf3 Nf6 3. Bg5 Ne4 4. h4 c6 5. Nbd2 Bf5 6. Nxe4 dxe4 7. Ng1 Qb6 8. Rb1 e5 9. e3 Nd7 10. dxe5 Nxe5 11. Qd4 f6 12. Bf4 Bc5 13. Qa4 Rd8 14. Bxe5 fxe5 15. Qb3 Qa5+ 16. c3 Rd7 17. Bc4 Ke7 18. Ne2 b5 19. Ng3 bxc4 20. Nxf5+ Kf6 21. Qxc4 Kxf5 22. g4+ Kf6 23. b4 Qb5 24. Qxb5 cxb5 25. bxc5 a6 26. Ke2 Rhd8 27. Rhd1 Rxd1 28. Rxd1 Rxd1 29. Kxd1 Ke6 30. Kc2 Kd5 31. Kb3 Kxc5 32. Kb2 Kc4 33. Kc2 a5 34. Kd2 b4 35. cxb4 Kxb4 36. Kc2 Kc4 37. Kd2 Kb4 38. Kc2 Ka3 39. Kb1 Ka4 40. Kc2 Kb4 41. Kb2 Kc4 42. Kc2 Kb4 43. Kb2 a4 44. a3+ Kc4 45. Kc2 Kd5 46. Kc3 Kc5 47. g5 g6 48. Kd2 Kc4 49. Kc2 Kd5 50. Kd2 Kc4 51. Kc2 Kb5 52. Kb2 Kc5 53. Kc3 Kb5 54. Kd2 Kc6 55. Kc2 Kd5 56. Kb2 Kc4 57. Kc2 1/2-1/2


[Site "https://www.chess.com"]

[Event "Titled Tuesday Blitz August 17 2021"]
[White "Oliveira, Silvio Eduardo"]
[Black "Tsaruk, Maksim"]
[WhiteFideId "2111560"]
[BlackFideId "13511173"]
[WhiteElo "2302"]
[BlackElo "2184"]
[Result "1-0"]
[Round "04"]
[TimeControl "180+1"]
[Date "2021.08.17"]
[WhiteClock "0:00:27"]
[BlackClock "0:00:03"]

1. e4 c5 2. Nf3 e6 3. d4 cxd4 4. Nxd4 Nf6 5. Nc3 Nc6 6. Nxc6 bxc6 7. e5 Nd5 8. Ne4 f5 9. exf6 Nxf6 10. Nd6+ Bxd6 11. Qxd6 Qe7 12. Bf4 Ne4 13. Qxe7+ Kxe7 14. f3 Nf6 15. c4 d5 16. O-O-O a5 17. c5 Ba6 18. Bd6+ Kd7 19. Bxa6 Rxa6 20. Rhe1 a4 21. Rd4 Rha8 22. Rb4 R8a7 23. Bb8 Ra8 24. Be5 R8a7 25. Kd2 Ra5 26. Bd4 Ne8 27. Rb8 g6 28. h4 Rb5 29. Rxb5 cxb5 30. h5 Rb7 31. Rh1 Kc6 32. hxg6 hxg6 33. Rh6 b4 34. Rxg6 Nc7 35. Kd3 b3 36. a3 Kb5 37. f4 Rb8 38. Be5 Rc8 39. Bxc7 Rxc7 40. Rxe6 Rxc5 41. f5 Rc2 42. Re2 Rc4 43. Rf2 Rg4 44. f6 Rg3+ 45. Kd4 Rg8 46. f7 Rf8 47. Kxd5 1-0


[Site "https://www.chess.com"]

[Event "Titled Tuesday Blitz August 17 2021"]
[White "Onyshchuk, Volodymyr"]
[Black "Durarbayli, Vasif"]
[WhiteFideId "14114038"]
[BlackFideId "13402935"]
[WhiteElo "2603"]
[BlackElo "2522"]
[Result "1-0"]
[Round "04"]
[TimeControl "180+1"]
[Date "2021.08.17"]
[WhiteClock "0:01:26"]
[BlackClock "0:00:11"]

1. e4 c5 2. Ne2 Nf6 3. Nbc3 d6 4. g3 g6 5. Bg2 Bg7 6. d4 cxd4 7. Nxd4 O-O 8. h3 Nc6 9. Nb3 Rb8 10. a4 b6 11. O-O Nd7 12. Be3 Nc5 13. Nd4 Bb7 14. Re1 Qd7 15. Qd2 Ne5 16. b3 Rbc8 17. Rad1 Nc6 18. Nd5 e6 19. Nc3 Nxd4 20. Bxd4 Rfd8 21. Bxg7 Kxg7 22. Nb5 d5 23. Nxa7 Ra8 24. Nb5 dxe4 25. Qc3+ 1-0


[Site "https://www.chess.com"]

[Event "Titled Tuesday Blitz August 17 2021"]
[White "Petrovskyi, Vadym"]
[Black "Sokolin, Leonid"]
[WhiteFideId "14165210"]
[BlackFideId "2009161"]
[WhiteElo "2334"]
[BlackElo "2394"]
[Result "0-1"]
[Round "04"]
[TimeControl "180+1"]
[Date "2021.08.17"]
[WhiteClock "0:00:02"]
[BlackClock "0:00:12"]

1. e4 c5 2. Nf3 Nc6 3. d4 cxd4 4. Nxd4 e5 5. Nb5 d6 6. N1c3 a6 7. Na3 Be6 8. Nc4 Rb8 9. Ne3 Nf6 10. a4 Nb4 11. Be2 Be7 12. O-O O-O 13. Ncd5 Nbxd5 14. exd5 Bd7 15. a5 Ne4 16. c4 f5 17. Qc2 Rc8 18. Bd3 Bg5 19. Bxe4 fxe4 20. b3 Rf4 21. g3 Rf3 22. Qxe4 Qf8 23. Ra2 Bh3 24. Re1 h6 25. b4 Qf7 26. Ree2 Rf8 27. c5 Qh5 28. Ra3 Bd7 29. h4 Bb5 30. Rc2 Bxe3 31. Rxe3 R3f4 32. gxf4 Rxf4 33. Qg2 Qd1+ 34. Kh2 Qxc2 35. Re1 Rxh4+ 36. Kg3 Qc4 37. Qf3 Bd7 38. cxd6 Rh3+ 39. Kg2 Rxf3 40. Kxf3 Qxd5+ 41. Ke2 Bb5+ 42. Ke3 Qd4+ 43. Kf3 Bc6+ 44. Kg3 Qc3+ 45. Re3 Qxc1 46. Rxe5 Qg1+ 47. Kf4 Qxf2+ 48. Kg4 Qg2+ 49. Kf4 Qf3# 0-1


[Site "https://www.chess.com"]

[Event "Titled Tuesday Blitz August 17 2021"]
[White "Plotnikov, Pavel"]
[Black "Liyanage, Ranindu Dilshan"]
[WhiteFideId "4170342"]
[BlackFideId "9915834"]
[WhiteElo "2298"]
[BlackElo "1839"]
[Result "0-1"]
[Round "04"]
[TimeControl "180+1"]
[Date "2021.08.18"]
[WhiteClock "0:00:04"]
[BlackClock "0:00:44"]

1. e4 e5 2. Nf3 Nc6 3. Bc4 Nf6 4. d3 h6 5. O-O d6 6. c3 g5 7. Re1 Bg7 8. a4 g4 9. Nfd2 Be6 10. Bxe6 fxe6 11. Qb3 Qd7 12. Na3 O-O 13. Nac4 Rab8 14. Nf1 h5 15. Bg5 Nh7 16. Bh4 Ne7 17. Bxe7 Qxe7 18. Qc2 Bh6 19. Rad1 h4 20. Qe2 Qg7 21. d4 exd4 22. cxd4 Rf7 23. Nce3 Rf4 24. d5 e5 25. Nf5 Qf6 26. g3 hxg3 27. hxg3 Rf3 28. Nh2 Rxf5 29. exf5 Qxf5 30. Qxg4+ Qxg4 31. Nxg4 Bg7 32. f4 exf4 33. gxf4 Rf8 34. Re4 Rf7 35. b4 Nf8 36. b5 Ng6 37. Rf1 Ne7 38. f5 Nxf5 39. Re8+ Kh7 40. Rb8 Bd4+ 41. Kh1 Ng3+ 42. Kg2 Nxf1 43. Rxb7 Nd2 44. a5 Rg7 45. Kh3 Nc4 0-1


[Site "https://www.chess.com"]

[Event "Titled Tuesday Blitz August 17 2021"]
[White "Popilski, Gil"]
[Black "Shahade, Gregory"]
[WhiteFideId "2809060"]
[BlackFideId "2009064"]
[WhiteElo "2537"]
[BlackElo "2708"]
[Result "1-0"]
[Round "04"]
[TimeControl "180+1"]
[Date "2021.08.17"]
[WhiteClock "0:00:07"]
[BlackClock "0:00:19"]

1. e4 e5 2. Nc3 Nf6 3. f4 d5 4. fxe5 Nxe4 5. Qf3 f5 6. d3 Nxc3 7. bxc3 d4 8. Qf4 dxc3 9. Nf3 Nc6 10. d4 Be6 11. Rb1 Be7 12. Rxb7 O-O 13. Rb5 a6 14. Rb1 Bxa2 15. Ra1 Bd5 16. Be3 Bxf3 17. Qxf3 Nxd4 18. Bc4+ Kh8 19. Qd1 Bc5 20. O-O f4 21. Bf2 Bb6 22. Qd3 c5 23. Rxa6 Rxa6 24. Bxa6 Qe7 25. Kh1 Qxe5 26. Bc4 f3 27. Bxd4 cxd4 28. Rxf3 Re8 29. Rf1 Bc7 30. Qh3 Qg5 31. Bd3 h6 32. Qf3 Bd6 33. g3 Qe7 34. Kg2 Qd8 35. Qf5 Rf8 36. Qh7# 1-0


[Site "https://www.chess.com"]

[Event "Titled Tuesday Blitz August 17 2021"]
[White "Potapova, Margarita"]
[Black "Nguyen Hong Nhung"]
[WhiteFideId "14126869"]
[BlackFideId "12412201"]
[WhiteElo "2214"]
[BlackElo "1661"]
[Result "1-0"]
[Round "04"]
[TimeControl "180+1"]
[Date "2021.08.18"]
[WhiteClock "0:00:09"]
[BlackClock "0:00:08"]

1. e4 c5 2. Nf3 e6 3. b3 d6 4. Bb2 e5 5. Bc4 Nc6 6. Nc3 g6 7. O-O Bg7 8. Nd5 Nge7 9. c3 O-O 10. d4 cxd4 11. cxd4 Bg4 12. dxe5 Nxe5 13. Bxe5 Bxe5 14. Rc1 Nxd5 15. Bxd5 Rb8 16. h3 Bxf3 17. Qxf3 Qa5 18. Rc2 Kg7 19. Rfc1 Bf6 20. g3 Bg5 21. Rd1 Qb6 22. h4 Bf6 23. h5 Be5 24. Rdc1 Qd8 25. Rc7 Qf6 26. Qxf6+ Kxf6 27. Bxb7 gxh5 28. Bd5 h4 29. gxh4 Rg8+ 30. Kf1 Rg7 31. Rxa7 Rbg8 32. Rcc7 Rf8 33. Ke2 Kg6 34. b4 Kh5 35. b5 Bd4 36. Rab7 Kxh4 37. a4 Rg2 38. Rxf7 Rxf2+ 39. Rxf2 Rxf2+ 40. Kd3 Bc5 41. Rxh7+ Kg5 42. Rg7+ Kh6 43. Rf7 Ra2 44. Bxa2 1-0


[Site "https://www.chess.com"]

[Event "Titled Tuesday Blitz August 17 2021"]
[White "Pridorozhni, Aleksei"]
[Black "Wagner, Dinara"]
[WhiteFideId "4127870"]
[BlackFideId "24157570"]
[WhiteElo "2565"]
[BlackElo "2260"]
[Result "1-0"]
[Round "04"]
[TimeControl "180+1"]
[Date "2021.08.17"]
[WhiteClock "0:00:23"]
[BlackClock "0:00:02"]

1. e4 c5 2. Nc3 Nc6 3. Bb5 Nd4 4. Nf3 g6 5. Nxd4 cxd4 6. Ne2 Bg7 7. c3 dxc3 8. bxc3 Nf6 9. f3 O-O 10. d4 d6 11. O-O e5 12. Be3 Bd7 13. Bd3 Rc8 14. Qb3 b6 15. Rfd1 Be6 16. d5 Bd7 17. a4 Nh5 18. Bb5 f5 19. Qb4 Bxb5 20. axb5 Qd7 21. Rab1 Rf7 22. Rd2 f4 23. Bf2 g5 24. h3 Nf6 25. Ra2 h5 26. Rba1 Rc7 27. Kf1 g4 28. hxg4 hxg4 29. Ke1 g3 30. Bg1 Nh7 31. Nc1 Ng5 32. Nd3 Bf8 33. c4 Qc8 34. Ra4 Rh7 35. Kd2 Qd7 36. Qb3 Bh6 37. Kc3 Bg7 38. Nb4 Rh1 39. Nc6 Bf8 40. Qa2 Qh7 41. Rxa7 Rxa7 42. Qxa7 Qxa7 43. Nxa7 Kf7 44. Nc8 Be7 45. Nxb6 Rh8 46. c5 dxc5 47. Nc4 Rc8 48. b6 Rb8 49. Ra7 Kf6 50. Kb3 Bd8 51. Bxc5 Nf7 52. Kb4 Kg6 53. Kb5 Kf6 54. Na5 Rc8 55. Nc6 Ng5 56. b7 1-0


[Site "https://www.chess.com"]